 Dungeon Crawl Stone Soup version 0.31-a0-997-g9a2f3ffc92 (webtiles) character file.

Game seed: 13382753972467500948

164174 night the Brawler (level 17, -1/165 HPs)
             Began as an Octopode Shapeshifter on Nov 7, 2023.
             Was the Champion of Hepliaklqana.
             Slain by a ten-headed hydra (11 damage)
             ... on level 4 of the Swamp.
             The game lasted 01:14:33 (32507 turns).

night the Brawler (Octopode Shapeshifter)          Turns: 32507, Time: 01:14:33

Health: -1/165     AC: 24    Str: 26    XL:     17   Next: 55%
Magic:  34/34      EV: 17    Int: 24    God:    Hepliaklqana [******]
Gold:   2085       SH:  0    Dex: 11    Spells: 16/16 levels left

rFire   + +          .
                       - Unarmed
rCold   . . .        (shield currently unavailable)
rNeg    . . .        (helmet currently unavailable)
rPois   +            (no amulet)
rElec   .            l - +4 ring of protection
rCorr   .            n - +6 ring of intelligence
SInv    .            A - ring of wizardry
Will    +....        I - ring of magical power
Stlth   ++++         K - +4 ring of protection
HPRegen 0.47/turn    t - +4 ring of protection
MPRegen 0.24/turn    p - +5 ring of evasion
                     F - ring of protection from cold

%: wizardry (x1)
@: about to teleport, dragon-form, flying
A: dragon claw, dragon scales, breathe fire, flying, boosted hp, reduced
essence, almost no armour, amphibious, 8 rings, giant, (camouflage 1),
(gelatinous body 1), (nimble swimmer 1), (tentacles)
}: 1/15 runes: decaying
a: Breathe Fire, Begin Untransformation, Renounce Religion, Recall Ancestor,
Ancestor Identity, Transference, Idealise


You were on level 4 of the Swamp.
You worshipped Hepliaklqana.
Hepliaklqana was exalted by your worship.
You were a fearsome dragon!
You visited 5 branches of the dungeon, and saw 27 of its levels.
You also visited: Ossuary.

You collected 3972 gold pieces.
You spent 1887 gold pieces at shops.

Inventory:

Hand Weapons
 u - a +2 demon blade of draining
Jewellery
 i - a +6 ring of dexterity
 l - a +4 ring of protection (left foreclaw)
 n - a +6 ring of intelligence (right foreclaw)
 p - a +5 ring of evasion (on tentacle)
 t - a +4 ring of protection (on tentacle)
 A - a ring of wizardry (on tentacle)
 E - a ring of ice
 F - a ring of protection from cold (on tentacle)
 I - a ring of magical power (on tentacle)
 K - a +4 ring of protection (on tentacle)
 W - an amulet of magic regeneration
Talismans
 b - a beast talisman
 c - a flux talisman
 H - a serpent talisman
 M - a dragon-blood talisman (active)
Wands
 d - a wand of digging (18)
 o - a wand of iceblast (14)
 G - a wand of mindburst (22)
 L - a wand of flame (40)
 P - a wand of acid (11)
 R - a wand of polymorph (17)
 U - a wand of charming (31)
Scrolls
 f - 3 scrolls of silence
 g - 4 scrolls of fog
 h - 3 scrolls of vulnerability
 r - 4 scrolls of noise
 v - 3 scrolls of immolation
 y - 10 scrolls of teleportation
 B - 6 scrolls of poison
 D - 3 scrolls of enchant armour
 N - 4 scrolls of identify
 S - 2 scrolls of enchant weapon
 T - 5 scrolls of amnesia
 V - 2 scrolls of revelation
Potions
 a - 6 potions of lignification
 e - 5 potions of mutation
 j - 4 potions of brilliance
 k - 7 potions of curing
 m - 2 potions of haste
 q - 2 potions of ambrosia
 s - 2 potions of resistance
 w - a potion of invisibility
 x - 3 potions of enlightenment
 z - a potion of berserk rage
 C - 4 potions of cancellation
 J - 3 potions of magic
 O - 4 potions of heal wounds
 Q - a potion of might
 Z - 3 potions of attraction
Miscellaneous
 Y - a tin of tremorstones (2/2)


   Skills:
 + Level 13.2 Fighting
 + Level 13.0 Dodging
 - Level 8.6 Stealth
 + Level 17.8 Unarmed Combat
 + Level 11.3 Invocations
 + Level 16.3 Shapeshifting


You had 16 spell levels left.
You didn't know any spells.
Your spell library contained the following spells:

 Spells                   Type           Power      Damage    Failure   Level
 Apportation              Tloc           0%         N/A       6%          1
 Freeze                   Ice            0%         1d3       6%          1
 Sandblast                Erth           0%         2d4       6%          1
 Shock                    Conj/Air       0%         1d3       6%          1
 Slow                     Hex            0%         N/A       6%          1
 Summon Small Mammal      Summ           0%         N/A       6%          1
 Cigotuvi's Dreadful Rot  Necr/Pois/Air  0%         N/A       9%          2
 Passwall                 Tmut/Erth      0%         N/A       9%          2
 Confusing Touch          Hex            0%         N/A       17%         3
 Dazzling Flash           Conj/Hex       0%         N/A       17%         3
 Frozen Ramparts          Ice            0%         1d1       17%         3
 Gell's Gravitas          Tloc           0%         N/A       17%         3
 Hailstorm                Conj/Ice       0%         3d3       17%         3
 Ignite Poison            Fire/Tmut/Pois 0%         N/A       17%         3
 Sigil of Binding         Hex            0%         N/A       17%         3
 Stone Arrow              Conj/Erth      0%         3d7       17%         3
 Teleport Other           Tloc           0%         N/A       17%         3
 Vampiric Draining        Necr           0%         2d6       17%         3
 Anguish                  Hex/Necr       0%         N/A       47%         4
 Brom's Barrelling Bould  Conj/Erth      0%         2d3       47%         4
 Cause Fear               Hex            0%         N/A       47%         4
 Summon Ice Beast         Ice/Summ       0%         N/A       47%         4
 Agony                    Necr           0%         N/A       82%         5
 Freezing Cloud           Conj/Ice/Air   0%         6-21      82%         5
 Silence                  Hex/Air        0%         N/A       82%         5
 Summon Mana Viper        Hex/Summ       0%         N/A       82%         5
 Dispersal                Tloc           0%         N/A       100%        6
 Enfeeble                 Hex            0%         N/A       100%        7
 Monstrous Menagerie      Summ           0%         N/A       100%        7


Dungeon Overview and Level Annotations

Branches:
Dungeon (15/15)            Temple (1/1) D:6            Lair (5/5) D:11
  Swamp (4/4) Lair:2        Snake (0/4) Lair:3        Slime (0/5) Lair:5
    Orc (2/2) D:10            Elf (0/3) Orc:2        Vaults (0/5) D:14
 Depths (0/4) D:15        Ossuary (visited)

Altars:
Ashenzari
Cheibriados
Dithmenos
Elyvilon
Fedhas
Gozag
Hepliaklqana
Kikubaaqudgha
Makhleb
Nemelex Xobeh
Okawaru
Qazlal
Ru
Sif Muna
Trog
Uskayaw
Vehumet
Wu Jian
Xom
Yredelemnul
Zin
The Shining One
Jiyva

Shops:
D:2 [   D:3 (   D:8 =   Orc:2 !=*([

Portals:
Trove: D:12 (give horn of Geryon)

Annotations:
D:10 3 runed translucent doors, Dirtsage's ghost, journeyman DsBe
D:15 3 runed translucent doors, Qoixtez's ghost, adept OpSh
Lair:2 2 transporters, Pi314's ghost, journeyman DjFE
Lair:4 3 runed translucent doors, Nelug's ghost, journeyman OpSh


Innate Abilities, Weirdness & Mutations

You are a fearsome dragon!
You have a powerful clawing attack.
Your giant scaled body is strong and resilient, but less evasive.
You can breathe fire.
You are flying.
Your maximum health is greatly increased.
Your armour is entirely melded.
You are incapable of wielding weapons or throwing items.
Your life essence is reduced to manifest your ancestor. (-10% HP)
You cannot wear most types of armour.
You are amphibious.
You can wear up to eight rings at the same time.
((Your skin changes colour to match your surroundings (Stealth+).))
((Your rubbery body absorbs attacks. (AC +1, EV +1)))
((You are camouflaged when in or above water. (Stealth+)))
((You have tentacles for arms and can constrict up to eight enemies at once.))


Message History

You kill the 11-headed hydra!
You claw one of the eight-headed hydra's heads off!
The seven-headed hydra grows two more!
You claw the nine-headed hydra!
The nine-headed hydra is lightly wounded.
The briar patch crumbles away. x3; The nine-headed hydra misses you.
The nine-headed hydra bites you but does no damage. x4
The nine-headed hydra closely misses you.
The nine-headed hydra bites you but does no damage.
The nine-headed hydra bites you.
* * * LOW HITPOINT WARNING * * *
The nine-headed hydra misses you.
You tear one of the nine-headed hydra's heads off!
The eight-headed hydra grows two more!
You bite the ten-headed hydra!!
The ten-headed hydra is moderately wounded.
The swamp dragon bites the briar patch!!
The briar patch is destroyed!
You barely miss the ten-headed hydra.
Your tail-slap misses the ten-headed hydra.
The ten-headed hydra is moderately wounded.
The ten-headed hydra bites you.
* * * LOW HITPOINT WARNING * * *
The ten-headed hydra bites you.
* * * LOW HITPOINT WARNING * * *
The ten-headed hydra bites you but does no damage. x3
The ten-headed hydra completely misses you.
The ten-headed hydra misses you. The ten-headed hydra barely misses you.
The ten-headed hydra bites you but does no damage.
The ten-headed hydra misses you.
As you read the scroll of teleportation, it crumbles to dust.
You feel strangely unstable.
The briar patch crumbles away.
The ten-headed hydra barely misses you. The ten-headed hydra bites you!
* * * LOW HITPOINT WARNING * * *
The ten-headed hydra bites you but does no damage.
The ten-headed hydra closely misses you.
The ten-headed hydra bites you but does no damage.
The ten-headed hydra bites you!
* * * LOW HITPOINT WARNING * * *
The ten-headed hydra bites you but does no damage.
The ten-headed hydra bites you!
You die...

###########
##≈~f♣P♣§.≈##
##DD..DP~.~~~#####
###♣..~##DDP##....~.##
#♣.f.~..##D≈.♣#.÷~#...#
#≈~~#.≈##≈.P.≈##÷.##.≈#
#..##.≈#~.~..~~#≈.#..≈#
#.~.#..##≈.≈.~##≈.#(≈##
#♣†.##..##..~##≈~##.≈♣
#..###~≈#####÷.##.††♣#
#..~ #~.~~♣~.##≈.~.≈##
♣.~.~ #~§≈[.##.~~..~≈#
~...~ ##.≈~####~~~..##


You could see a thorn hunter, a ten-headed hydra, a seven-headed hydra and a
swamp dragon.

Vanquished Creatures
  Mara (Swamp:4)
  A tentacled monstrosity (Swamp:3)
  Gastronok (Lair:2)
  Frances (D:12)
  A thorn hunter (Swamp:4)
  A fenstrider witch (Swamp:4)
  An orc warlord (Orc:1)
  6 eleionomae
  3 bunyips
  3 shambling mangroves
  A rakshasa (D:15)
  Fannar (D:12)
  3 catoblepae (Lair:5)
  21 hydras
  An ogre mage (D:11)
  4 centaur warriors
  A death knight (D:14)
  8 alligators
  Erica (D:8)
  4 ghost crabs
  A tengu warrior (D:11)
  3 death yaks (Lair:5)
  2 two-headed ogres (D:14)
  A spriggan berserker (Swamp:4)
  Nergalle (D:12)
  A fire crab (shapeshifter) (D:13)
  2 spriggan druids
  2 skeletal warriors (D:11)
  A glowing orange brain (D:15)
  2 goliath frogs (Swamp:4)
  A death drake (Swamp:4)
  6 swamp dragons
  6 bog bodies
  Pikel (D:8)
  2 deep elf pyromancers (D:14)
  2 phantasmal warriors (D:14)
  10 orc knights
  3 orc sorcerers
  A necromancer (D:14)
  2 will-o-the-wisps
  9 elephants
  7 cyclopes
  3 ugly things (D:15)
  5 manticores
  Maurice (D:8)
  5 black mambas
  Joseph (D:7)
  10 cane toads
  2 yaktaurs
  Jeremiah (D:6)
  10 komodo dragons
  A freezing wraith (D:14)
  2 rime drakes (Lair:5)
  An efreet (D:13)
  An ice devil (D:9)
  3 tengu conjurers
  A red devil (D:9)
  2 polar bears
  A bloated husk (Swamp:4)
  9 trolls
  5 tyrant leeches
  Grinder (D:3)
  A raiju (shapeshifter) (D:13)
  12 hornets
  5 blink frogs
  6 dream sheep (Lair:4)
  4 slime creatures
  A shadow (D:11)
  11 spriggans
  41 yaks
  A ynoxinul (D:9)
  3 wraiths
  A water elemental (D:11)
  Eustachio (D:4)
  3 basilisks
  A vampire (D:13)
  A fire bat (shapeshifter) (D:11)
  7 wargs
  2 steam dragons
  A chaos spawn (D:9)
  12 swamp worms
  Menkaure (D:6)
  6 nagas (Lair:3)
  2 acid dragons
  Duvessa (D:6)
  18 water moccasins
  30 orc warriors
  3 sky beasts (D:7)
  5 swamp drakes
  An ice beast (D:6)
  22 wolves
  3 ogres
  7 centaurs
  2 phantoms
  5 kobold brigands
  9 bullfrogs
  A scorpion (D:4)
  5 wights
  Dowan (D:5)
  6 killer bees
  7 electric eels
  2 howler monkeys
  2 crimson imps
  5 hounds
  A jelly (D:7)
  15 orc priests
  A gnoll bouda (D:7)
  3 sleepcaps
  3 iguanas
  17 orc wizards
  7 hell rats (Lair:2)
  9 mummies
  7 adders
  2 shadow imps
  3 white imps
  3 worms (D:2)
  A dart slug (D:1)
  45 orcs
  9 ball pythons
  8 bats
  4 endoplasms
  A giant cockroach (D:1)
  A gnoll zombie (Ossuary)
  5 hobgoblins
  4 jackals
  2 quokkas
  4 goblins
  A goblin zombie (D:4)
  4 hobgoblin zombies (Ossuary)
  17 kobolds
  A kobold zombie (Ossuary)
  3 orc zombies
  2 rats
636 creatures vanquished.

Vanquished Creatures (collateral kills)
  Rupert (Orc:2)
  Aizul (Swamp:3)
  2 bunyips
  A rakshasa (D:15)
  An alligator (Swamp:4)
  A catoblepas (D:15)
  5 hydras
  A centaur warrior (D:10)
  2 two-headed ogres
  2 death yaks (Lair:5)
  2 tengu warriors
  An orc high priest (Orc:1)
  2 spriggans (Swamp:1)
  2 goliath frogs (Swamp:3)
  2 swamp dragons (Swamp:4)
  A bog body (Swamp:4)
  A spriggan druid (Swamp:2)
  A lindwurm (Lair:5)
  An orc knight (D:15)
  2 orc sorcerers
  3 cane toads
  A rime drake (Lair:5)
  5 komodo dragons
  A tengu conjurer (D:15)
  A bloated husk (Swamp:1)
  3 hornets
  A dream sheep (Lair:4)
  4 blink frogs (Lair:5)
  A water elemental (D:11)
  A wyvern (D:10)
  A shadow (D:12)
  4 basilisks
  8 yaks
  A hog (shapeshifter) (D:14)
  A golden eye (shapeshifter) (D:15)
  3 swamp worms
  A warg (Orc:1)
  2 water moccasins
  3 swamp drakes (Swamp:4)
  11 orc warriors
  2 ogres (Orc:1)
  5 wolves
  3 centaurs
  2 bullfrogs
  A wight (D:9)
  An electric eel (Lair:1)
  4 hounds (D:11)
  6 orc priests
  8 orc wizards
  An ufetubus (D:9)
  16 orcs
  2 kobolds (D:9)
139 creatures vanquished.

Vanquished Creatures (others)
  An alligator (Swamp:3)
  An unseen horror (D:11)
  5 bloated husks
  A tyrant leech (Swamp:3)
  An orc priest (Orc:2)
  2 ancestors
  30 battlemagi
  An orc wizard (Orc:2)
  8 foxfires
50 creatures vanquished.

Grand Total: 825 creatures vanquished

Notes
Turn   | Place    | Note
-------+----------+-------------------------------------------
     0 | D:1      | night the Octopode Shapeshifter began the quest for the
                  | Orb.
     0 | D:1      | Reached XP level 1. HP: 13/13 MP: 1/1
   224 | D:1      | Reached XP level 2. HP: 15/18 MP: 2/2
   288 | D:1      | Reached skill level 1 in Stealth
   605 | D:2      | Reached XP level 3. HP: 23/23 MP: 3/3
   676 | D:2      | Found Hutuakk's Antique Armour Shoppe.
   730 | D:2      | Found a faded altar of an unknown god.
  1058 | D:2      | Reached skill level 2 in Stealth
  1076 | D:2      | Reached XP level 4. HP: 29/29 MP: 4/4
  1721 | D:3      | Found Baxepepn's Weapon Emporium.
  1958 | D:3      | Noticed Grinder
  1968 | D:3      | Killed Grinder
  1969 | D:3      | Reached skill level 2 in Fighting
  1969 | D:3      | Reached skill level 4 in Unarmed Combat
  1969 | D:3      | Reached XP level 5. HP: 22/35 MP: 5/5
  1969 | D:3      | Reached XP level 6. HP: 25/41 MP: 6/6
  2256 | D:4      | Found a sand-covered staircase.
  2264 | Ossuary  | Entered an ossuary
  2279 | Ossuary  | Reached skill level 5 in Unarmed Combat
  2650 | D:4      | Noticed Eustachio
  2662 | D:4      | Killed Eustachio
  2663 | D:4      | Reached XP level 7. HP: 28/46 MP: 7/7
  3011 | D:4      | You fall into a shaft and drop 1 floor!
  3011 | D:5      | Entered Level 5 of the Dungeon
  3421 | D:5      | Reached skill level 6 in Unarmed Combat
  3605 | D:5      | Reached XP level 8. HP: 54/54 MP: 8/8
  3880 | D:5      | Found a blossoming altar of Fedhas.
  3994 | D:6      | Identified the of Uwack
  3994 | D:6      | Noticed Duvessa
  4003 | D:6      | Killed Duvessa
  4003 | D:6      | Noticed Dowan
  4015 | D:5      | Killed Dowan
  4016 | D:5      | Reached skill level 5 in Shapeshifting
  4174 | D:6      | Reached skill level 7 in Unarmed Combat
  4224 | D:6      | Found a sacrificial altar of Ru.
  4469 | D:6      | Found a staircase to the Ecumenical Temple.
  4491 | D:6      | Noticed Menkaure
  4501 | D:6      | Killed Menkaure
  4524 | Temple   | Entered the Ecumenical Temple
  4535 | Temple   | Became a worshipper of Hepliaklqana the Forgotten
  4584 | D:6      | Reached XP level 9. HP: 60/60 MP: 9/9
  4606 | D:6      | Reached skill level 5 in Fighting
  4916 | D:6      | Found a burning altar of Makhleb.
  4916 | D:6      | Noticed Jeremiah
  4932 | D:6      | Killed Jeremiah
  4933 | D:6      | Reached skill level 8 in Unarmed Combat
  5059 | D:7      | Identified the "Coiler"
  5157 | D:7      | Found a shimmering blue altar of Sif Muna.
  5232 | D:7      | Found a hide-covered altar of Uskayaw.
  5322 | D:7      | Reached skill level 5 in Dodging
  5533 | D:7      | Reached skill level 9 in Unarmed Combat
  5702 | D:7      | Reached XP level 10. HP: 66/68 MP: 10/10
  5946 | D:7      | Noticed Joseph
  5953 | D:7      | Found a bloodstained altar of Trog.
  6102 | D:7      | Killed Joseph
  6522 | D:7      | Found a sparkling altar of Nemelex Xobeh.
  6522 | D:7      | Found an opulent altar of Gozag.
  6867 | D:8      | Noticed Erica
  6884 | D:8      | Killed Erica
  6888 | D:8      | Paralysed by a hornet for 3 turns
  6891 | D:8      | HP: 7/74 [hornet (8)]
  7053 | D:8      | Found Qehaeh's Jewellery Shop.
  7053 | D:8      | Found a stormy altar of Qazlal.
  7147 | D:8      | Bought a +4 ring of protection for 576 gold pieces
  7217 | D:8      | Reached * piety under Hepliaklqana
  7253 | D:8      | Noticed Pikel
  7266 | D:8      | Killed Pikel
  7267 | D:8      | Reached skill level 10 in Shapeshifting
  7269 | D:8      | Reached XP level 11. HP: 64/64 MP: 11/11
  7520 | D:8      | Noticed Maurice
  7532 | D:8      | Killed Maurice
  7871 | D:9      | Found an ancient bone altar of Kikubaaqudgha.
  7871 | D:9      | Found a glowing silver altar of Zin.
  8579 | D:10     | Entered Level 10 of the Dungeon
  8579 | D:10     | Reached ** piety under Hepliaklqana
  8599 | D:10     | Remembered your ancestor Hrodulf as a battlemage
  8607 | D:10     | Noticed a centaur warrior
  8613 | D:10     | Killed a centaur warrior
  8672 | D:10     | Found a runed translucent door.
  8674 | D:10     | Reached skill level 12 in Shapeshifting
  8675 | D:10     | Found the +7 hand cannon "Mule" {flame, backblast, rF+}
  8676 | D:10     | Noticed Dirtsage's ghost (journeyman DsBe)
  8701 | D:10     | Found a broken altar of Ashenzari.
  8730 | D:10     | Found a runed translucent door.
  8743 | D:10     | Noticed a manticore
  8861 | D:10     | Found a staircase to the Orcish Mines.
  9006 | D:10     | Found a runed translucent door.
  9398 | D:10     | Noticed a boulder beetle
  9494 | Orc:1    | Entered Level 1 of the Orcish Mines
  9548 | Orc:1    | Noticed an orc knight
  9560 | Orc:1    | Killed an orc knight
  9561 | Orc:1    | Reached skill level 10 in Unarmed Combat
  9563 | Orc:1    | HP: 3/76 [orc warrior/+0 battleaxe[an orc knight] (17)]
 10244 | Orc:1    | Reached skill level 11 in Unarmed Combat
 10249 | Orc:1    | HP: 8/76 [wolf (6)]
 10253 | Orc:1    | HP: 3/76 [wolf (6)]
 10533 | Orc:1    | Noticed an orc sorcerer
 10544 | Orc:1    | Killed an orc sorcerer
 10545 | Orc:1    | Reached XP level 12. HP: 72/72 MP: 12/12
 10646 | Orc:2    | Entered Level 2 of the Orcish Mines
 10648 | Orc:2    | Noticed an orc warlord
 10847 | D:11     | Found a staircase to the Lair.
 10869 | D:11     | Noticed a two-headed ogre
 10880 | D:11     | HP: 12/86 [two-headed ogre/+0 dire flail (11)]
 10880 | D:11     | Killed a two-headed ogre
 11131 | D:11     | Reached skill level 5 in Stealth
 11379 | D:11     | Noticed an ogre mage
 11379 | D:11     | Noticed a five-headed hydra
 11380 | D:11     | Noticed a tengu warrior
 11381 | D:11     | Noticed a tengu warrior
 11389 | D:11     | Killed an ogre mage
 11475 | D:11     | Killed a tengu warrior
 11483 | D:11     | Killed a five-headed hydra
 11484 | D:11     | Reached skill level 12 in Unarmed Combat
 11592 | D:11     | Noticed a seven-headed hydra
 11598 | D:11     | Killed a seven-headed hydra
 11648 | D:11     | Killed a tengu warrior
 12194 | D:11     | Noticed a centaur warrior
 12225 | D:11     | Reached *** piety under Hepliaklqana
 12230 | D:11     | Killed a centaur warrior
 12451 | Lair:1   | Entered Level 1 of the Lair of Beasts
 12479 | Lair:1   | Reached XP level 13. HP: 79/79 MP: 13/13
 12576 | Lair:1   | Reached skill level 13 in Unarmed Combat
 13720 | Lair:2   | Found a transporter.
 13722 | Lair:2   | Found a transporter.
 13973 | Lair:2   | Reached skill level 1 in Invocations
 14030 | Lair:2   | Noticed Gastronok
 14037 | Lair:2   | Killed Gastronok
 14111 | Lair:2   | Reached **** piety under Hepliaklqana
 14268 | Lair:2   | Noticed Pi314's ghost (journeyman DjFE)
 14397 | Lair:2   | Reached skill level 2 in Invocations
 14528 | Lair:2   | Identified a scroll of acquirement
 14528 | Lair:2   | Acquired 1041 gold pieces
 14613 | Lair:2   | Found a staircase to the Swamp.
 15130 | Lair:3   | Found a staircase to the Snake Pit.
 15136 | Lair:3   | Reached skill level 14 in Unarmed Combat
 15529 | Lair:3   | Reached skill level 14 in Shapeshifting
 15986 | Lair:4   | Reached XP level 14. HP: 87/87 MP: 16/16
 16510 | Lair:4   | Found a runed translucent gate.
 16510 | Lair:4   | Found a runed translucent gate.
 16510 | Lair:4   | Found a runed translucent gate.
 16510 | Lair:4   | Noticed an azure jelly
 16510 | Lair:4   | Noticed an acid blob
 16510 | Lair:4   | Noticed an acid blob
 16510 | Lair:4   | Noticed a quicksilver ooze
 16510 | Lair:4   | Noticed an acid blob
 16511 | Lair:4   | Found a viscous altar of Jiyva.
 16511 | Lair:4   | Noticed an acid blob
 16511 | Lair:4   | Noticed an azure jelly
 16511 | Lair:4   | Noticed a quicksilver ooze
 16511 | Lair:4   | Noticed an acid blob
 16511 | Lair:4   | Noticed an acid blob
 16511 | Lair:4   | Noticed Nelug's ghost (journeyman OpSh)
 16511 | Lair:4   | Noticed an azure jelly
 16511 | Lair:4   | Found the +1 Delatra's gloves {ID++}
 16512 | Lair:4   | Noticed an azure jelly
 16801 | Lair:5   | Entered Level 5 of the Lair of Beasts
 16824 | Lair:5   | Found a staircase to the Slime Pits.
 16864 | Lair:5   | Reached skill level 5 in Invocations
 17052 | Lair:5   | Reached skill level 15 in Unarmed Combat
 17098 | Lair:5   | Reached ***** piety under Hepliaklqana
 17221 | Lair:5   | Reached skill level 10 in Fighting
 17553 | Lair:5   | Reached skill level 10 in Dodging
 19232 | D:12     | Noticed Nergalle
 19238 | D:12     | Killed Nergalle
 19239 | D:12     | Reached XP level 15. HP: 94/94 MP: 20/20
 19602 | D:12     | Noticed Fannar
 19609 | D:12     | Killed Fannar
 19791 | D:12     | Found a portal to a secret trove of treasure.
 19894 | D:12     | Noticed Frances
 19902 | D:12     | Killed Frances
 19903 | D:12     | Reached skill level 16 in Unarmed Combat
 21282 | D:14     | Found a gate to the Vaults.
 22017 | D:14     | Reached ****** piety under Hepliaklqana
 22572 | D:15     | Entered Level 15 of the Dungeon
 23013 | D:15     | Paralysed by an orc sorcerer for 4 turns
 23324 | D:15     | Found a runed translucent gate.
 23324 | D:15     | Identified the +5 plate armour "Fotius" {+Blink rCorr}
 23324 | D:15     | Noticed an orc warlord
 23324 | D:15     | Noticed Qoixtez's ghost (adept OpSh)
 23325 | D:15     | Found a runed translucent gate.
 23326 | D:15     | Found a runed translucent gate.
 23341 | D:15     | Identified the +4 lajatang of Xyad {freeze, Drain Str+5}
 23821 | D:15     | Found a staircase to the Depths.
 24126 | Orc:1    | Killed an orc warlord
 24630 | Orc:2    | Noticed Rupert
 24661 | Orc:2    | Killed Rupert
 24999 | Orc:2    | Found Ticvaidu's Antique Armour Shop.
 25167 | Orc:2    | Reached XP level 16. HP: 101/101 MP: 22/22
 25183 | Orc:2    | Found Fozesam's General Store.
 25193 | Orc:2    | Found Ubot Qae's Distillery.
 25721 | Orc:2    | Found a staircase to the Elven Halls.
 25930 | Orc:2    | Found Hiwumeifij's Jewellery Shop.
 25936 | Orc:2    | Bought a +5 ring of evasion for 612 gold pieces
 25946 | Orc:2    | Found Riegomoh's Antique Weapon Shop.
 26128 | Orc:2    | Bought a potion of haste for 130 gold pieces
 26128 | Orc:2    | Bought a potion of heal wounds for 65 gold pieces
 26128 | Orc:2    | Bought a potion of curing for 39 gold pieces
 26128 | Orc:2    | Bought a potion of heal wounds for 65 gold pieces
 26251 | D:8      | Bought a ring of protection from cold for 400 gold pieces
 26404 | Swamp:1  | Entered Level 1 of the Swamp
 26445 | Swamp:1  | HP: 16/144 [six-headed hydra (11)]
 27576 | Swamp:2  | Reached skill level 12 in Fighting
 27717 | Swamp:2  | Reached skill level 17 in Unarmed Combat
 28023 | Swamp:2  | Reached skill level 12 in Dodging
 28448 | Swamp:3  | Identified the +8 plate armour of Saci {rN+ Will+}
 28791 | Swamp:3  | Identified the serpent talisman of the Arcane {rElec rN+++
                  | Str-3 Int+2}
 28791 | Swamp:3  | Noticed Aizul
 28798 | Swamp:3  | Noticed a tentacled monstrosity
 29156 | Swamp:3  | Killed Aizul
 29157 | Swamp:3  | Reached skill level 10 in Invocations
 29303 | Swamp:3  | Killed a tentacled monstrosity
 29924 | Swamp:4  | Entered Level 4 of the Swamp
 30214 | Swamp:4  | Noticed Mara
 30372 | Swamp:4  | Noticed night's illusion
 30385 | Swamp:3  | Reached skill level 16 in Shapeshifting
 30385 | Swamp:3  | Reached XP level 17. HP: 27/108 MP: 24/24
 30691 | Swamp:4  | Noticed night's illusion
 30693 | Swamp:4  | Killed Mara
 31558 | Swamp:4  | Paralysed by a fenstrider witch for 5 turns
 32439 | Swamp:4  | Got a decaying rune of Zot
 32507 | Swamp:4  | HP: 18/165 [ten-headed hydra (12)]
 32507 | Swamp:4  | Slain by a ten-headed hydra

Illustrated notes

Levels and vault maps discovered:
D:1:      reono_arrival_forest_river, layout_loops_cross
D:2:      layout_basic, ebering_ecumenical_altar_abandoned, serial_shops, shop,
          kennysheep_big_empty_room
D:3:      layout_loops_ring, serial_shops, nicolae_shop_bloodbath_and_beyond,
          uniq_grinder
D:4:      minmay_general_purpose_star, layout_rooms, nicolae_ossuary_entry_giza,
          corexii_corridor_pit, minmay_misc_feat_columns, minmay_cupped,
          uniq_eustachio
D:5:      layout_gridville, nicolae_overflow_crystal_walls
D:6:      layout_basic, nicolae_ru_great_annihilating_truth,
          makhleb_grotto_becter, minmay_temple_entry_slanted, uniq_menkaure,
          uniq_jeremiah, uniq_duvessa
D:7:      kennysheep_windowed_halls, layout_basic,
          grunt_temple_overflow_opulence, overflow_temple_1_default,
          led_sif_book, kennysheep_little_box, enter_bailey_1, uniq_joseph
D:8:      layout_layer_cave, amcnicky_altar_gilded, serial_shops, shop,
          st_stairs_1, uniq_maurice, uniq_pikel, uniq_erica
D:9:      layout_cross, chequers_temple_overflow_statue_of_worship,
          minmay_misc_feat_x, minivault_16, nicolae_demonic_statue_gallery
D:10:     cheibrodos_histonic, layout_long_grid, mainiacjoe_overflow_brackets,
          erik_orc_1, ebering_ghost_inner_flame
D:11:     layout_basic, erik_lair_island, chequers_serial_rivers_micro_e,
          minivault_28
D:12:     layout_loops_corners, nicolae_trove_entry_columns, uniq_fannar,
          uniq_frances, uniq_nergalle
D:13:     layout_irregular_city
D:14:     layout_loops_corners, david_vaults_1, grunt_decor_cap,
          dk_noncrumbling_2
D:15:     gammafunk_enter_depths_forms, layout_long_grid, minmay_misc_feat_tiny,
          biasface_ghost_orc_armoury
Temple:   hellmonk_temple_flake
Lair:1:   layout_misc_corridors, infiniplex_staircase_pool, grunt_megastairs_3,
          serial_bayou_shore_a
Lair:2:   layout_layer_cave, minmay_swamp_entry_worms, gammafunk_ghost_hive,
          nicolae_quartered_pool_super, lemuel_fruit_tree, uniq_gastronok
Lair:3:   layout_cave_pods, minmay_snake_entry_guardpost_medium,
          chequers_serial_rivers_room_b
Lair:4:   layout_misc_corridors, gammafunk_ghost_ooze
Lair:5:   evilmike_catoblepas_cave, layout_cave_pods, slime_entry_1
Swamp:1:  layout_falls_marsh, evilmike_swamp_ruin_house_6, swamp_pool_3
Swamp:2:  layout_basic_swamp, nicolae_swamp_very_dense_foliage
Swamp:3:  nicolae_swamp_wrong_neighborhood, layout_basic_swamp,
          evilmike_swamp_ruin_house_2, uniq_aizul
Swamp:4:  swamp_basic_johnstein, layout_basic_swamp, uniq_bai_suzhen, uniq_mara
Orc:1:    layout_diamond_mine, nicolae_orc_flooded_monolith, mines5_lemuel
Orc:2:    grunt_orc_cross, layout_caves, serial_shops,
          nicolae_shop_tiny_statue_garden, minmay_orc_keep, uniq_rupert

Skill      XL: |  1  2  3  4  5  6  7  8  9 10 11 12 13 14 15 16 17 |
---------------+----------------------------------------------------+-----
Stealth        | 1 2 3 7 8 |  8.6
Fighting       | 2 3 4 6 7 9 10 11 12 13 | 13.2
Unarmed Combat | 4 5 6 7 9 11 12 14 15 16 17 | 17.8
Shapeshifting  | 4 5 6 10 12 13 14 15 16 | 16.3
Dodging        | 3 4 5 6 7 9 10 11 12 13 | 13.0
Invocations    | 3 6 8 10 11 | 11.3

Action                     |  1- 3 |  4- 6 |  7- 9 | 10-12 | 13-15 | 16-18 || total
---------------------------+-------+-------+-------+-------+-------+-------++-------
  Melee: Unarmed           |    62 |    78 |   184 |   423 |   593 |   337 ||  1677
         Constrict         |    13 |    21 |    32 |    94 |    14 |       ||   174
         Tentacles         |    10 |    18 |    51 |     4 |       |       ||    83
         Punch             |     2 |       |     7 |     1 |    42 |    29 ||    81
         Bite              |       |       |       |       |    54 |    37 ||    91
         Tailslap          |       |       |       |       |    88 |    53 ||   141
 Invoke: Ancestor Life: Ba |       |       |       |     1 |       |       ||     1
         Recall Ancestor   |       |       |       |     1 |       |     1 ||     2
Ability: Breathe Fire      |       |       |       |       |     2 |    15 ||    17
  Evoke: Wand              |       |       |       |     2 |       |     2 ||     4
    Use: Scroll            |       |     8 |     7 |     7 |     6 |     9 ||    37
         Potion            |       |       |     2 |     6 |     2 |     3 ||    13
   Stab: Sleeping          |     5 |    10 |    17 |     4 |    15 |     7 ||    58
         Distracted        |       |       |       |     6 |    11 |     3 ||    20
         Confused          |       |       |       |       |       |     1 ||     1
 Armour: Skin              |    18 |    21 |    82 |   378 |   495 |   630 ||  1624
  Dodge: Dodged            |    32 |    32 |   100 |   229 |   227 |   427 ||  1047
   Form: Anaconda          |       |       |       |     3 |     1 |     1 ||     5
         Dragon            |       |       |       |     2 |     2 |     1 ||     5

Table legend: (Time is in decaauts)
 A = Elapsed time spent in this place.
 B = Non-inter-level travel time spent in this place.
 C = Inter-level travel time spent in this place.
 D = Time resting spent in this place.
 E = Time spent auto-exploring this place.
 F = Levels seen in this place.
 G = Mean time per level.
                   A        B        C        D        E       F      G
               +--------+--------+--------+--------+--------+-----+--------+
         Total |  32145 |  30431 |   1714 |   8225 |  17459 |  28 | 1148.0 |
       Dungeon |  16501 |  15437 |   1064 |   2554 |  10471 |  15 | 1100.1 |
        Temple |     22 |      2 |     20 |      0 |      0 |   1 |   22.0 |
          Lair |   6488 |   6222 |    266 |   1125 |   4197 |   5 | 1297.6 |
         Swamp |   5438 |   5316 |    122 |   3095 |   1446 |   4 | 1359.5 |
  Orcish Mines |   3394 |   3154 |    240 |   1451 |   1278 |   2 | 1697.0 |
       Ossuary |    300 |    300 |      0 |      0 |     67 |   1 |  300.0 |
               +--------+--------+--------+--------+--------+-----+--------+

Top non-repeatable levels by time:
 Swamp:3: 2473 daAuts
   Orc:1: 2372 daAuts
    D:10: 1857 daAuts
  Lair:2: 1832 daAuts
  Lair:5: 1662 daAuts
     D:7: 1552 daAuts
    D:14: 1423 daAuts
    D:11: 1419 daAuts
 Swamp:2: 1388 daAuts
    D:15: 1365 daAuts
     D:8: 1249 daAuts
    D:12: 1208 daAuts
  Lair:1: 1106 daAuts
   Orc:2: 1022 daAuts
 Swamp:4: 977 daAuts
